 Dungeon Crawl Stone Soup version 0.31.0-11-ge490571c62 (webtiles) character file.

Game seed: 11487206896442936050

1031 hawla the Ducker (level 8, -1/33 HPs)
             Began as a Felid Shapeshifter on Jan 25, 2024.
             Was a Follower of Makhleb.
             Slain by a steam dragon (4 damage)
             ... on level 6 of the Dungeon on Jan 26, 2024.
             The game lasted 00:17:47 (6522 turns).

hawla the Ducker (Felid Shapeshifter)               Turns: 6522, Time: 00:17:48

Health: -1/33      AC:  2    Str: 12    XL:     8   Next: 3%
Magic:  10/10      EV: 23    Int: 15    God:    Makhleb [*.....]
Gold:   359        SH:  0    Dex: 15    Spells: 6/9 levels left
                                        Lives:  0   Deaths: 3

rFire   . .          .
                       - Unarmed
rCold   . . .        (shield unavailable)
rNeg    . . .        (body armour unavailable)
rPois   .            (helmet unavailable)
rElec   .            (cloak unavailable)
rCorr   +            (gloves unavailable)
SInv    +            (boots unavailable)
Will    +....        (no amulet)
Stlth   +            e - ring of flight
HPRegen 0.25/turn    k - ring of resist corrosion
MPRegen 0.12/turn

%: no passive effects
@: flux-form, flying, glowing
A: glow, contaminating, reduced hp, very small, claws 1, fangs 3, see invisible,
shaggy fur 2, stealthy paws, no weapons or thrown items, no armour, multi-lived
a: Begin Untransformation, Renounce Religion


You were on level 6 of the Dungeon.
You worshipped Makhleb.
Makhleb was aware of your devotion.
You were something dangerously unstable.
You visited 1 branch of the dungeon, and saw 6 of its levels.

You collected 359 gold pieces.

Inventory:

Jewellery
 e - a ring of flight (left paw)
 k - a ring of resist corrosion (right paw)
Talismans
 b - a beast talisman
 c - a flux talisman (active)
Wands
 g - a wand of flame (17)
 h - a wand of polymorph (11)
Scrolls
 m - a scroll of identify
Potions
 d - 3 potions of enlightenment
 f - 2 potions of brilliance
 i - 2 potions of haste
 l - a potion of resistance {unknown}
 o - a potion of curing {unknown}


   Skills:
 - Level 1.0 Fighting
 - Level 6.0 Dodging
 - Level 4.5 Unarmed Combat
 - Level 1.2 Spellcasting
 - Level 3.2 Translocations
 - Level 2.0 Invocations
 - Level 1.2 Evocations
 + Level 6.0 Shapeshifting


You had 6 spell levels left.
You knew the following spells:

 Your Spells              Type           Power      Damage    Failure   Level
a - Apportation           Tloc           20%        N/A       6%          1
b - Blink                 Tloc           20%        N/A       10%         2

Your spell library contained the following spells:

 Spells                   Type           Power      Damage    Failure   Level
 Lesser Beckoning         Tloc           20%        N/A       10%         2
 Momentum Strike          Conj/Tloc      10%        3d8       19%         2
 Magic Dart               Conj           0%         1d3       24%         1
 Sandblast                Erth           0%         2d4       24%         1
 Jinxbite                 Hex            0%         N/A       36%         2
 Searing Ray              Conj           0%         2d4       36%         2
 Passwall                 Erth           0%         N/A       58%         3
 Stone Arrow              Conj/Erth      0%         3d7       58%         3
 Animate Dead             Necr           0%         N/A       94%         4
 Brom's Barrelling Bould  Conj/Erth      0%         2d3       94%         4
 Fulminant Prism          Conj/Alch      0%         3d5       94%         4
 Alistair's Intoxication  Alch           0%         N/A       100%        5
 Fireball                 Conj/Fire      0%         3d3       100%        5
 Infestation              Necr           0%         N/A       100%        8


Dungeon Overview and Level Annotations

Branches:
Dungeon (6/15)             Temple (0/1) D:6

Altars:
Dithmenos
Elyvilon
Makhleb
Nemelex Xobeh
Okawaru
Sif Muna
Trog
The Shining One

Shops:
D:1 (

Annotations:
D:6 1 transporter, Jase's ghost, novice DrSh


Innate Abilities, Weirdness & Mutations

You are something dangerously unstable.
You glow with magical radiation, making you easy to see and hit.
Foes you strike become dangerously contaminated with magical radiation.
Your maximum health is decreased, since you lack skill for your form.
You have sharp claws.
You have razor-sharp teeth.
You have supernaturally acute eyesight. (SInv)
You are covered in thick fur. (AC +2)
Your paws help you pounce on unaware monsters.
You are incapable of wielding weapons or throwing items.
You cannot wear armour.
You gain extra lives every three experience levels.


Message History

You kill the kobold!
Makhleb accepts your kill.
You feel better.
You start resting.
HP restored.
Jase's ghost turns its malevolent gaze towards you.
The ogre shouts!
You now have 347 gold pieces (gained 14).
Jase's ghost briefly turns into a stone statue and back.
You now have 359 gold pieces (gained 12).
The steam dragon hisses angrily.
You hear a shout! x2
A kobold comes into view. It is wielding a +0 club.
The kobold shouts! x2
The steam dragon breathes steam at you. The ball of steam misses you.
The kobold is engulfed in a cloud of scalding steam.
The kobold dies!
A kobold comes into view.
It is wielding a +0 dagger and quivering poisoned darts.
The kobold brigand shouts!
The steam dragon breathes steam at you. The ball of steam hits you!
The kobold throws a poisoned dart.
The poisoned dart barely misses you.
You are engulfed in a cloud of scalding steam.
The kobold shouts!
The kobold throws a poisoned dart.
The poisoned dart misses you.
The kobold throws a stone.
The stone closely misses you.
Okay, then.
You closely miss the steam dragon.
You are engulfed in a cloud of scalding steam.
* * * LOW HITPOINT WARNING * * *
The steam dragon bites you.
* * * LOW HITPOINT WARNING * * *
The steam dragon claws you but does no damage.
The kobold is engulfed in a cloud of scalding steam.
The kobold dies!
You scratch the steam dragon but do no damage.
The steam dragon begins to glow.
The steam dragon bites you but does no damage.
The steam dragon claws you.
You die...

####..)).##..##.##..######**,,***
####.#######...........,,,,,,,,,,
####.# ###.########.,,,,,,,,,
####.# #.# *,.,,,,,,,, ####.# #.#
********,,, ####.# #.# *****#***
*,,, # #.# #§# *,,...,,* *,,,
####.# #.####.....,,* *,,, .....#
#§§p.K.K...,,* *,,, .....#
##.D)).K...,,* *,,, .....#
#.........,,* *,,, .....#
###.#.....,,* **** .....#
*......####*** .....#
########.......,,** .....# #...#
*.(.$...*,,** ..#### ######.#.#
*.......**,,** #.######......#.#
*.......***,,*


You could see a steam dragon (contam), a kobold brigand and 2 kobolds.

Vanquished Creatures
  Eustachio (D:6)
  A black bear (D:6)
  An ogre (D:4)
  A phantom (D:5)
  A kobold brigand (D:6)
  A scorpion (D:5)
  A howler monkey (D:5)
  A jelly (D:6)
  A hound (D:5)
  An iguana (D:5)
  A gnoll bouda (D:4)
  Terence (D:2)
  2 orc wizards (D:5)
  A sleepcap (D:4)
  10 gnolls
  4 adders
  A shadow imp (D:5)
  2 ufetubi (D:5)
  3 ribbon worms
  4 dart slugs
  8 orcs
  3 bats
  6 endoplasms
  A giant cockroach (D:4)
  6 goblins
  6 hobgoblins
  7 jackals
  13 kobolds
  2 quokkas
  4 ball pythons
  4 frilled lizards
  6 rats
105 creatures vanquished.

Vanquished Creatures (others)
  2 kobolds (D:6)
2 creatures vanquished.

Grand Total: 107 creatures vanquished

Notes
Turn   | Place    | Note
-------+----------+-------------------------------------------
     0 | D:1      | hawla the Felid Shapeshifter began the quest for the Orb.
     0 | D:1      | Reached XP level 1. HP: 10/10 MP: 2/2
   148 | D:1      | Found Otaafihi's Antique Weapon Shoppe.
   498 | D:1      | Reached XP level 2. HP: 14/14 MP: 3/3
  1335 | D:2      | Reached XP level 3. HP: 5/18 MP: 4/4
  1336 | D:2      | Slain by a gnoll
  1336 | D:2      | Lost a life (0 lives remaining)
  1475 | D:2      | Noticed Terence
  1489 | D:2      | Killed Terence
  1490 | D:2      | Reached skill level 1 in Evocations
  1664 | D:2      | Reached skill level 1 in Spellcasting
  1664 | D:2      | Reached XP level 4. HP: 22/22 MP: 6/6
  1664 | D:2      | Gained a life (1 life remaining)
  1675 | D:2      | Learned a level 1 spell: Apportation
  1814 | D:2      | Found a burning altar of Makhleb.
  1823 | D:2      | Became a worshipper of Makhleb the Destroyer
  2135 | D:3      | Reached skill level 1 in Translocations
  2572 | D:3      | Found a faded altar of an unknown god.
  3135 | D:3      | Found a faded altar of an unknown god.
  3139 | D:3      | Found a bloodstained altar of Trog.
  3452 | D:4      | Reached XP level 5. HP: 23/25 MP: 7/7
  3473 | D:4      | Learned a level 2 spell: Blink
  3478 | D:4      | Found a glowing golden altar of the Shining One.
  3481 | D:4      | Found a shadowy altar of Dithmenos.
  3484 | D:4      | Found a white marble altar of Elyvilon.
  3487 | D:4      | Noticed an ogre
  3519 | D:4      | Reached skill level 1 in Invocations
  3524 | D:4      | HP: 1/25 [ogre/+0 giant club (16)]
  3892 | D:4      | Killed an ogre
  3893 | D:4      | Reached skill level 5 in Dodging
  3893 | D:4      | Gained mutation: You are covered in thick fur. (AC +2)
                  | [Felid growth]
  3893 | D:4      | Reached XP level 6. HP: 30/30 MP: 8/8
  3953 | D:4      | Found a sparkling altar of Nemelex Xobeh.
  4000 | D:4      | Reached * piety under Makhleb
  4228 | D:4      | Found a shimmering blue altar of Sif Muna.
  4451 | D:5      | Entered Level 5 of the Dungeon
  4476 | D:5      | Got the Thoughts on the Damaging Morgue
  4605 | D:5      | Found an iron altar of Okawaru.
  4808 | D:5      | Upgraded the game from 0.31.0-10-gcf4a605ca0 to
                  | 0.31.0-11-ge490571c62
  5117 | D:5      | Reached XP level 7. HP: 16/33 MP: 9/9
  5117 | D:5      | Gained a life (2 lives remaining)
  6001 | D:6      | Found a transporter.
  6007 | D:6      | Identified the +7 dire flail of Bedazzled Purpose {flame,
                  | rN+}
  6007 | D:6      | Noticed Jase's ghost (novice DrSh)
  6209 | D:6      | Noticed Eustachio
  6221 | D:6      | Succumbed to a water moccasin's poison
  6221 | D:6      | Lost a life (1 life remaining)
  6238 | D:6      | Noticed a steam dragon
  6269 | D:6      | HP: 1/33 [wight/bolt of light (12)]
  6275 | D:6      | Killed from afar by a wight
  6275 | D:6      | Lost a life (0 lives remaining)
  6280 | D:6      | Found a staircase to the Ecumenical Temple.
  6313 | D:6      | Reached skill level 5 in Shapeshifting
  6369 | D:6      | Killed Eustachio
  6387 | D:6      | Reached XP level 8. HP: 4/37 MP: 10/10
  6522 | D:6      | Slain by a steam dragon

Illustrated notes

Levels and vault maps discovered:
D:1:      dpeg_arrival_rooms_with_view, layout_loops_corners, serial_shops, shop
D:2:      minmay_general_purpose_star, layout_loops_corners, basic_altar,
          uniq_terence
D:3:      layout_basic, nicolae_overflow_ecumenical_swirl,
          hellmonk_ecumenical_altar_crossroads
D:4:      layout_cave_pods, nicolae_overflow_hidden_temple,
          nicolae_overflow_macrodata_refinement, amcnicky_mini_pool_small
D:5:      layout_cave_pods, okawaru_altar_gauntlet_db
D:6:      black_bear_nest_1, layout_basic,
          grunt_temple_overflow_lords_of_destruction,
          minmay_temple_entry_poolview, gammafunk_ghost_smash,
          minmay_misc_feat_nine_boxes, uniq_grinder, uniq_eustachio

Skill      XL: |  1  2  3  4  5  6  7 |
---------------+----------------------+-----
Dodging        | 3 4 5 6 |  6.0
Evocations     | 1 |  1.2
Spellcasting   | 1 |  1.2
Translocations | 1 2 3 |  3.2
Unarmed Combat | 4 |  4.5
Invocations    | 1 2 |  2.0
Shapeshifting  | 3 6 |  6.0
Fighting       | |  1.0

Action                     |  1- 3 |  4- 6 |  7- 9 || total
---------------------------+-------+-------+-------++-------
  Melee: Unarmed           |    94 |   208 |    69 ||   371
         Bite              |     8 |    19 |     9 ||    36
         Punch             |     1 |     7 |     1 ||     9
   Cast: Blink             |       |     1 |     1 ||     2
  Evoke: Wand              |     2 |     5 |     9 ||    16
    Use: Scroll            |     3 |     4 |     2 ||     9
         Potion            |     1 |     1 |     5 ||     7
   Stab: Sleeping          |     2 |       |       ||     2
 Armour: Skin              |    24 |    67 |    43 ||   134
  Dodge: Dodged            |    78 |   203 |    80 ||   361
   Form: Flux              |       |       |     2 ||     2
         Beast             |       |       |     1 ||     1
